 Dungeon Crawl Stone Soup version 0.19-a0-1852-gc11d922 (webtiles) character file.

961 Naow the Thaumaturge (level 7, -1/36 HPs)
             Began as a Deep Elf Conjurer on Oct 11, 2016.
             Succumbed to a killer bee's poison
             ... on level 4 of the Dungeon.
             The game lasted 00:12:22 (4448 turns).

Naow the Thaumaturge (Deep Elf Conjurer)            Turns: 4448, Time: 00:12:23

Health: -1/36      AC:  3    Str:  5    XL:     7   Next: 92%
Magic:  2/21       EV: 13    Int: 22    God:
Gold:   128        SH:  0    Dex: 15    Spells: 3 memorised, 14 levels left

rFire  . . .     SeeInvis .     e - +0 short sword
rCold  . . .     Gourm    .     a - +0 robe
rNeg   . . .     Faith    .     (no shield)
rPois  .         Spirit   .     (no helmet)
rElec  .         Dismiss  .     n - +0 cloak
rCorr  .         Reflect  .     (no gloves)
MR     .....     Harm     .     (no boots)
Stlth  ++........               (no amulet)
                                (no ring)
                                (no ring)

@: lethally poisoned (-1 -> -26)
A: no striking features
a: no special abilities


You were on level 4 of the Dungeon.
You were not hungry.

You visited 1 branch of the dungeon, and saw 4 of its levels.
You also visited: Sewer.

You collected 128 gold pieces.

Inventory:

Hand Weapons
 e - a +0 short sword (weapon)
Armour
 a - a +0 robe (worn)
 n - a +0 cloak (worn)
 q - a +0 helmet
Jewellery
 j - an uncursed ring of fire {unknown}
Wands
 x - a wand of digging (7/24)
Scrolls
 g - 3 scrolls of remove curse {unknown}
 k - a scroll of teleportation {unknown}
 o - a scroll of recharging {unknown}
 r - a scroll of enchant weapon {unknown}
 u - a scroll of identify {unknown}
 y - a scroll of random uselessness {unknown}
Potions
 d - a potion of lignification {unknown}
 h - a potion of might {unknown}
 i - 4 potions of brilliance {unknown}
 s - 9 potions of curing {unknown}
 t - 2 potions of flight {unknown}
 v - a potion of heal wounds {unknown}
 z - a potion of magic {unknown}
Books
 b - a book of Conjurations

   Spells                             Type                      Level
   a - Magic Dart                     Conjuration                  1
   b - Searing Ray                    Conjuration                  2
   c - Dazzling Spray                 Conjuration/Hexes            3
   d - Fulminant Prism                Conjuration/Hexes            4
   e - Iskenderun's Mystic Blast      Conjuration                  4
   f - Iskenderun's Battlesphere      Conjuration/Charms           5
Comestibles
 c - 4 bread rations
 f - a royal jelly
 l - a slice of pizza
 m - a meat ration
 p - a beef jerky
 w - 4 chunks of flesh


   Skills:
 - Level 2.4 Dodging
 - Level 2.4 Stealth
 + Level 9.4 Spellcasting
 + Level 5.4 Conjurations
 - Level 7.3 Charms


You had 14 spell levels left.
You knew the following spells:

 Your Spells              Type           Power        Failure   Level  Hunger
a - Magic Dart            Conj           ####         1%          1    None
b - Iskenderun's Battles  Conj/Chrm      #####...     14%         5    ####...
c - Iskenderun's Mystic   Conj           ####....     10%         4    ##.....


Dungeon Overview and Level Annotations

Branches:
Dungeon (4/15)
 Temple: D:4-7

Altars:
Trog

Annotations:
D:2 exclusion: upstairs


Message History

Aim: a killer bee The orb of energy misses the killer bee.
The orb of energy explodes!
* * * LOW HITPOINT WARNING * * *
You feel sick.
Your battlesphere fires!
The barrage of energy hits the killer bee.
The killer bee is severely wounded.
The killer bee misses you. The killer bee stings you.
* * * LOW HITPOINT WARNING * * *
You are more poisoned.
The killer bee poisons you! The killer bee barely misses you.
The killer bee stings you but does no damage.
Casting: Iskenderun's Mystic Blast
Confirm with . or Enter, or press ? or * to list all spells.
Aiming: Iskenderun's Mystic Blast
Press: ? - help, Shift-Dir - straight line, f/p - killer bee
Aim: a killer bee (severely wounded)
The orb of energy misses the killer bee.
You die...

.## ..# ..## ...# #
...### .#
.....##############.#
..##.............*..##
..###................##
.## #...########@....>#
## #...# #yy..##..# #
#..## #..).## #..#
#....## #..# #....##
#..# #....# #..# #$...#
#...#


You could see 2 killer bees and a friendly battlesphere.

Vanquished Creatures
  The ghost of Bzzzz the Covert, an amateur SpAs (D:4)
  A phantom (D:3)
  2 big kobolds (Sewer)
  A killer bee (D:4)
  3 orc wizards
  An iguana (D:4)
  Ijyb (D:3)
  Terence (D:2)
  4 worker ants (D:4)
  12 adders
  5 river rats (Sewer)
  2 oozes
  3 worms
  2 dart slugs
  3 leopard geckos
  12 orcs
  A giant cockroach (D:3)
  9 goblins
  5 hobgoblins
  A jackal (D:4)
  A quokka (D:4)
  8 ball pythons
  3 bats
  7 frilled lizards
  24 kobolds
  19 rats (Sewer)
132 creatures vanquished.

Notes
Turn   | Place    | Note
-------+----------+-------------------------------------------
     0 | D:1      | Naow the Deep Elf Conjurer began the quest for the Orb.
     0 | D:1      | Reached XP level 1. HP: 10/10 MP: 6/6
   352 | D:1      | Reached skill level 4 in Spellcasting
   352 | D:1      | Reached XP level 2. HP: 15/15 MP: 6/9
   779 | D:2      | Found a bloodstained altar of Trog.
   961 | D:2      | Reached skill level 5 in Spellcasting
   961 | D:2      | Reached XP level 3. HP: 19/19 MP: 5/11
  1335 | D:2      | Reached skill level 6 in Spellcasting
  1335 | D:2      | Reached XP level 4. HP: 24/24 MP: 9/14
  1346 | D:2      | Noticed Terence
  1354 | D:2      | HP: 1/24 [Terence/flail (1)]
  1356 | D:2      | Killed Terence
  1857 | D:3      | Noticed a phantom
  1873 | D:3      | Killed a phantom
  1873 | D:3      | Reached skill level 7 in Spellcasting
  1873 | D:3      | Reached XP level 5. HP: 17/28 MP: 0/17
  1945 | D:3      | Learned a level 5 spell: Iskenderun's Battlesphere
  2021 | D:3      | Reached skill level 1 in Charms
  2392 | D:3      | Found a glowing drain.
  2471 | Sewer    | Entered a sewer
  2479 | Sewer    | Reached XP level 6. HP: 32/32 MP: 15/18
  2832 | Sewer    | Reached skill level 5 in Charms
  3468 | D:3      | Reached XP level 7. HP: 36/36 MP: 5/20
  3724 | D:3      | Learned a level 4 spell: Iskenderun's Mystic Blast
  3727 | D:4      | Noticed Bzzzz's ghost (amateur SpAs)
  3985 | D:3      | Noticed Ijyb
  3988 | D:3      | Killed Ijyb
  3988 | D:3      | Reached skill level 8 in Spellcasting
  4167 | D:4      | Killed Bzzzz's ghost
  4167 | D:4      | Reached skill level 5 in Conjurations
  4188 | D:4      | Reached skill level 9 in Spellcasting
  4447 | D:4      | HP: 1/36 [killer bee (1)]
  4448 | D:4      | Succumbed to a killer bee's poison

Vault maps used:
D:1:      lemuel_arrival_river_ford
D:2:      first_bread, trog_book, uniq_terence
D:3:      lightli_sewer_entry_pipes, uniq_iyjb
Sewer:    sewer_minmay_treatment

Skill      XL: |  1  2  3  4  5  6  7 |
---------------+----------------------+-----
Spellcasting   | 4 5 6 7 9 |  9.4
Charms         | 3 7 |  7.3
Conjurations   | 5 |  5.4
Dodging        | |  2.4
Stealth        | |  2.4

Action                   |  1- 3 |  4- 6 |  7- 9 || total
-------------------------+-------+-------+-------++-------
Melee: Unarmed           |    18 |       |       ||    18
       Short sword       |     1 |    26 |       ||    27
 Cast: Magic Dart        |    67 |   183 |    67 ||   317
       Iskenderun's Batt |       |     3 |     5 ||     8
       Iskenderun's Myst |       |       |     2 ||     2
  Eat: Chunk             |     1 |     7 |     5 ||    13
Armor: Robe              |     5 |     8 |     5 ||    18
Dodge: Dodged            |    20 |    35 |    21 ||    76
